AoeStats
← arcolys

Runestones

508425583Analyzed
1v1 RM · 8d ago on Sep 22, 2026· 51m 44s· 2 players
Game mode
Random Map
Map size
Tiny (2 player)
Population
200
Speed
Normal
Resources
Standard
Victory
Conquest
Starting age
Dark Age
Ending age
Imperial Age
RankedLock teamsTeams togetherTeam positionsShared explorationLock speedFull tech treeHidden civsTurbo modeCheats
Victory
Defeat
🇩🇪 Burgundians · Germany
473
+13
🇩🇪 Khmer · Germany
411
-13
arcolys
11:52 Feudal Age
15:42 Forging
19:14 Wheelbarrow
18:50 Man-at-Arms
21:01 Double-Bit Axe
30:00 Castle Age
31:12 Long Swordsman
34:36 Scale Mail Armor
34:42 Scale Barding Armor
34:38 Padded Archer Armor
35:09 Horse Collar
38:40 Hand Cart
45:25 Crossbowman
47:50 Iron Casting
48:38 Chain Mail Armor
48:40 Leather Archer Armor
50:07 Crossbowman
SCHLAWInER
4:53 Loom
9:45 Double-Bit Axe
11:13 Wheelbarrow
11:21 Wheelbarrow
11:07 Horse Collar
13:11 Gold Mining
17:02 Feudal Age
21:57 Castle Age
23:03 Hand Cart
22:18 Man-at-Arms
22:19 Pikeman
23:16 Scale Barding Armor
23:22 Forging
24:47 Crossbowman
26:18 Husbandry
32:59 Gold Shaft Mining
32:15 Stone Mining
33:05 Iron Casting
32:31 Scale Mail Armor
32:32 Padded Archer Armor
32:59 Cavalier
34:17 Treadmill Crane
39:57 Imperial Age
38:03 Chain Mail Armor
37:55 Squires
37:43 Arson
39:00 Stone Shaft Mining
41:12 Conscription
41:01 Capped Ram
43:29 Burgundian Vineyards
44:00 Hoardings
45:08 Halberdier
46:29 Ballistics
47:33 Chemistry
Connection lost

Rejoining the realm…

Still unreachable

The connection could not be restored.

Session expired

The server has moved on; the page needs a fresh start.